 Dungeon Crawl Stone Soup version 0.32-a0-699-g1ee5eff69a (webtiles) character file.

Game seed: 10641938748958197783

39 smashvw the Trooper (level 3, -4/20 HPs)
             Began as a Vine Stalker Berserker on Mar 14, 2024.
             Was a Follower of Trog.
             Slain by a gnoll
             ... wielding a +0 spear
              (6 damage)
             ... on level 2 of the Dungeon.
             The game lasted 00:03:27 (566 turns).

smashvw the Trooper (Vine Stalker Berserker)         Turns: 566, Time: 00:03:28

Health: -4/20      AC:  8    Str: 19    XL:     3   Next: 47%
Magic:  0/4        EV:  7    Int:  7    God:    Trog [*.....]
Gold:   105        SH:  0    Dex: 15    Spells: 2/2 levels left

rFire   . . .        a - +0 short sword
rCold   . . .        (no shield)
rNeg    . . .        d - +0 chain mail
rPois   .            (no helmet)
rElec   .            (no cloak)
rCorr   .            (no gloves)
SInv    .            (no boots)
Will    .....        (no amulet) Stlth
                     (no ring)
HPRegen 1.03/turn    (no ring)
MPRegen 0.09/turn

%: guardian spirit
@: no status effects
A: fangs 2, regeneration 1, magic shield, antimagic bite, no potion heal 2
a: Renounce Religion, Berserk


You were on level 2 of the Dungeon.
You worshipped Trog.
Trog was aware of your devotion.
You visited 1 branch of the dungeon, and saw 3 of its levels.

You collected 105 gold pieces.

Inventory:

Hand Weapons
 a - a +0 short sword (weapon)
Armour
 b - a +0 animal skin
 d - a +0 chain mail (worn)
 i - the +1 robe of Supple Strength {+Blink Int+3 Archmagi}
   (You found it on level 2 of the Dungeon)

   Int+3:     It affects your intelligence (+3).
   +Blink:    It lets you blink.
   Archmagi:  It increases the power of your magical spells.
Scrolls
 e - a scroll of vulnerability
 f - a scroll of identify
 j - a scroll of revelation {unknown}
 k - a scroll of immolation {unknown}
Potions
 g - a potion of invisibility {unknown}


   Skills:
 + Level 3.2 Fighting
 + Level 3.2 Short Blades
 - Level 1.5 Armour
 - Level 1.5 Dodging
 + Level 2.1 Stealth


You had 2 spell levels left.
You didn't know any spells.
Your spell library was empty.

Dungeon Overview and Level Annotations

Branches:
Dungeon (3/15)

Altars:


Innate Abilities, Weirdness & Mutations

You have extremely sharp teeth.
Your natural rate of healing is unusually fast.
When hurt, damage is shared between your health and your magic reserves.
Your bite disrupts and absorbs the magic of your enemies.
Potions cannot restore your health.


Message History

HP restored.
You climb upwards.
The gnoll hits you from afar with a +0 spear.
There is a stone staircase leading down, spattered with blood here.
The gnoll hits you with a +0 spear. The gnoll hits you but does no damage.
You hit the gnoll but do no damage. You bite the gnoll. You drain its power.
You feel invigorated.
The gnoll is heavily wounded.
The gnoll hits you with a +0 spear. x2
You hit the gnoll.
The gnoll is heavily wounded.
The gnoll barely misses you. The gnoll hits you with a +0 spear.
You are too injured to fight recklessly!
There are monsters nearby!
There are monsters nearby!
There are monsters nearby!
There are monsters nearby!
There are monsters nearby!
The gnoll hits you but does no damage. The gnoll hits you with a +0 spear.
You hit the gnoll.
The gnoll is lightly wounded.
The gnoll hits you with a +0 spear.
* * * LOW HITPOINT WARNING * * *
You hit the gnoll.
The gnoll is moderately wounded.
The gnoll hits you from afar with a +0 spear.
* * * LOW HITPOINT WARNING * * *
It was a potion of curing.
That felt strangely inert.
The gnoll hits you with a +0 spear.
* * * LOW HITPOINT WARNING * * *
The gnoll hits you but does no damage.
Okay, then.
Okay, then.
Okay, then.
As you read the scroll labelled DULOTHR JOTYSUASEF, it crumbles to dust.
It is a scroll of amnesia.
You feel forgetful for a moment. The gnoll hits you but does no damage.
The gnoll hits you from afar with a +0 spear.
You die...

..
#.#...........#
..
#.#.###########
. #.#.# #.
###.#.# ..
..#..†#
.##.#..##
.#.#..# .
..#..#
#..###.#@.#
#.....#g.#
#...g)##
###.#>#
#......##
....#.. ###.#..
. ... . .#..


You could see 2 gnolls.

Vanquished Creatures
  2 gnolls
  A dart slug (D:3)
  3 bats
  A giant cockroach (D:2)
  A hobgoblin (D:1)
  3 kobolds (D:1)
  3 ball pythons
  4 goblins (D:1)
  A rat (D:2)
19 creatures vanquished.

Notes
Turn   | Place    | Note
-------+----------+-------------------------------------------
     0 | D:1      | smashvw the Vine Stalker Berserker began the quest for the
                  | Orb.
     0 | D:1      | Reached XP level 1. HP: 11/11 MP: 2/2
   152 | D:1      | Reached skill level 1 in Stealth
   177 | D:1      | Reached XP level 2. HP: 16/16 MP: 3/3
   457 | D:2      | Identified the +1 robe of Supple Strength {+Blink Int+3
                  | Archmagi}
   525 | D:2      | Reached XP level 3. HP: 2/20 MP: 1/4
   565 | D:2      | HP: 1/20 [gnoll/+0 spear (3)]
   566 | D:2      | Slain by a gnoll

Illustrated notes

Levels and vault maps discovered:
D:1:      nzn_arrival_settlement, layout_rooms, chequers_serial_rivers_marsh
D:2:      layout_basic
D:3:      layout_rooms, grunt_dithmenos_smoke_and_mirrors, tso_oasis_becter

Skill      XL: |  1  2  3 |
---------------+----------+-----
Stealth        | 1 2 |  2.1
Fighting       | 3 |  3.2
Short Blades   | 3 |  3.2
Armour         | |  1.5
Dodging        | |  1.5

Action                     || total
---------------------------++-------
  Melee: Short sword       ||    72
         Bite              ||    17
    Use: Scroll            ||     2
         Potion            ||     1
 Armour: Animal skin       ||     7
         Chain mail        ||    66
  Dodge: Dodged            ||    32

Table legend: (Time is in decaauts)
 A = Elapsed time spent in this place.
 B = Non-inter-level travel time spent in this place.
 C = Inter-level travel time spent in this place.
 D = Time resting spent in this place.
 E = Time spent auto-exploring this place.
 F = Levels seen in this place.
 G = Mean time per level.
                   A        B        C        D        E       F      G
               +--------+--------+--------+--------+--------+-----+--------+
         Total |    561 |    548 |     13 |      4 |    391 |   3 |  187.0 |
       Dungeon |    561 |    548 |     13 |      4 |    391 |   3 |  187.0 |
               +--------+--------+--------+--------+--------+-----+--------+

Top non-repeatable levels by time:
     D:1: 456 daAuts
     D:2: 78 daAuts
     D:3: 26 daAuts
